[Event "Early-Titled-Tuesday-Blitz-March-05-2024"]
[Site "Chess.com"]
[Date "2024.03.05"]
[Round "10"]
[White "maciek_92"]
[Black "Juwen"]
[Result "1-0"]
[WhiteElo "2889"]
[BlackElo "2665"]
[TimeControl "180+1"]
[EndTime "9:59:23 PST"]
[Termination "maciek_92 won on time"]

1. c4 e5 2. g3 c6 3. Nf3 e4 4.
Nd4 d5 5. cxd5 Qxd5 6. e3 Nf6 7.
Nc3 Qe5 8. d3 Bb4 9. Bd2 exd3 10. Bxd3 O-O 11. O-O Bh3 12. Re1 Nbd7 13. Nc2 Be7 14. e4 Rad8 15. Bf4 Qa5 16. e5 Ng4 17. a3 g5 18. b4 Qc7 19. Qf3 Ndxe5 20. Bxe5 Nxe5 21.
Bxh7+ Kxh7 22. Qh5+ Kg7 23. Qxh3 Nf3+ 24. Kg2 Nxe1+ 25.
Rxe1 Qd7 26. g4 Rh8 27. Qf3 Rh6 28. Ne3 Rf6 29. Nf5+ Rxf5 30. gxf5 Bf6 31. Ne4 Qd4 32. Re3 Rh8 33. h3 Rh4 34. Ng3 Kh6 35. Qe2 Qd5+ 36. f3 Qd4 37. Re4 Rxe4 38. Nxe4 Be5 39. Nf2 Kg7 40. Ng4 Bf6 41. Nf2 Qf4 42. Qd3 Be5 43. Ne4 Qh2+ 44. Kf1 Qxh3+ 45. Ke2 Qxf5 46. Qd8 Bf4 47. Qe7 Qe5 48. Qxb7 Qb2+ 49. Kd3 Qb3+ 50. Kd4 Qxf3 51. Qxc6 Qe3+ 52. Kc4 Qxa3 53. Kb5 a6+ 54. Kb6 Qxb4+ 55. Ka7 a5 56. Qf6+ Kg8 57. Qd8+ Kg7 58. Qf6+ Kg8 59. Qd8+ Kh7 60. Nf6+ Kg6 61. Nd5 Qc5+ 62.
Kb7 Qb5+ 63. Ka8 Qc6+ 64. Ka7 Qd6 65. Qg8+ Kf5 66. Qxf7+ Ke4 67. Nc3+ Kf3 68. Qb7+ Kg4 69. Qc8+ 1-0

[Event "Early-Titled-Tuesday-Blitz-March-05-2024"]
[Site "Chess.com"]
[Date "2024.03.05"]
[Round "10"]
[White "Kielinkei"]
[Black "Matalon"]
[Result "1/2-1/2"]
[WhiteElo "2584"]
[BlackElo "2504"]
[TimeControl "180+1"]
[EndTime "9:59:24 PST"]
[Termination "Game drawn by repetition"]

1. c4 Nf6 2. g3 g6 3. Bg2 Bg7 4. Nf3 O-O 5. d4 d6 6. O-O Nc6 7. Nc3 Bg4 8. h3 Bxf3 9. exf3 Nd7 10. d5 Nd4 11. f4 c5 12. dxc6 Nxc6 13. Re1 Rc8 14. Nd5 e6 15. Ne3 Nc5 16. Rb1 a5 17. b3 Nb4 18. Qe2 Nbd3 19. Rd1 Nxc1 20. Rbxc1 Qb6 21.
Nc2 Rfd8 22. Na3 a4 23. Rb1 axb3 24. axb3 Qb4 25. Nb5 d5 26. cxd5 exd5 27. Rxd5 Re8 28.
Qc4 Na6 29. Qxb4 Nxb4 30. Rd7 Rc2 31. Rxb7 Nd3 32. Nd6 Ree2 33. Bf1 Rxf2 34. Bxd3 Bd4 35. Rb8+ Kg7 36. Ne8+ Kh6 37. Bxc2 Rxc2+ 38. Kf1 Rf2+ 39. Ke1 Rh2 40. Nd6 Rh1+ 41. Kd2 Rxb1 42. Nxf7+ Kg7 43.
Ne5 Rb2+ 44. Kd3 Bf2 45. Rb7+ Kf6 46. Ng4+ Ke6 47. Nxf2 Rxf2 48. Rxh7 Rf3+ 49. Kc4 Rxg3 50. b4 Rf3 51. Rh4 Kd7 52. Rg4 Kc7 53. Rxg6 Rxf4+ 54. Kb5 Rh4 55. Rg3 Rh5+ 56. Ka4 Kb6 57. Rg6+ Kb7 58.
Rg3 Kb6 59. Kb3 Kb5 60. Rf3 Rh4 61. Rf5+ Kb6 62. Ka4 Rxh3 63. Rf6+ Kb7 64. Ka5 Rh1 65. Rf7+ Kb8 66. b5 Rh6 67. Re7 Rg6 68. Rd7 Rh6 69. Rd4 Rg6 70. Rd7 Rh6 71. Rg7 Rf6 72. Rg8+ Kb7 73. Rg7+ Kb8 74. Kb4 Rh6 75. Kc5 Rh5+ 76. Kb6 Rh6+ 77. Ka5 Rf6 1/2-1/2

[Event "Early-Titled-Tuesday-Blitz-March-05-2024"]
[Site "Chess.com"]
[Date "2024.03.05"]
[Round "10"]
[White "isaak2009"]
[Black "TitarovVasiliYouTube"]
[Result "1/2-1/2"]
[WhiteElo "2734"]
[BlackElo "2523"]
[TimeControl "180+1"]
[EndTime "9:59:33 PST"]
[Termination "Game drawn - insufficient material"]

1. d4 d5 2. c4 e6 3. Nc3 a6 4.
cxd5 exd5 5. Nf3 Nf6 6. Bg5 Be6 7. e3 Nbd7 8. Bd3 Bd6 9. O-O c6 10. Bh4 Qc7 11. Bg3 Bxg3 12. hxg3 O-O 13. Rc1 Bg4 14.
Qc2 Bh5 15. Qb3 Qb6 16. Qxb6 Nxb6 17. Ne5 Bg6 18. Nxg6 hxg6 19. Rc2 Ne8 20. Rfc1 Nd6 21. a3 g5 22. Nb1 Rfe8 23. Nd2 f6 24. Nb3 Kf7 25. Na5 Re7 26. g4 g6 27. g3 f5 28.
Kg2 Rh8 29. Nb3 Nbc4 30. Nd2 Nxd2 31. Rxd2 Kf6 32. Rh1 Rxh1 33. Kxh1 fxg4 34. Kg2 Rh7 35. Rc2 Rh8 36. a4 a5 37. Rc5 Ra8 38. Rc1 Rh8 39. Be2 Kf5 40. Bd3+ Ne4 41. Rb1 Kf6 42. Be2 Kf5 43.
b4 Ra8 44. b5 c5 45. dxc5 Nxc5 46. Bd1 b6 47. Bc2+ Ke5 48. Bxg6 Rh8 49. Bc2 d4 50. exd4+ Kxd4 51. Bd1 Kc3 52. Bxg4 Nxa4 53. f4 gxf4 54.
gxf4 Nc5 55. Kf3 a4 56. f5 a3 57. f6 a2 58. Re1 Nb3 59. Be6 a1=Q 60. Rxa1 Nxa1 61. Ke4 Nc2 62. f7 Nd4 63. Bd7 Rf8 64. Be8 Nxb5 65. Ke5 Nd4 66. Kf6 b5 67. Bxb5 Rxf7+ 68.
Kxf7 1/2-1/2

[Event "Early-Titled-Tuesday-Blitz-March-05-2024"]
[Site "Chess.com"]
[Date "2024.03.05"]
[Round "10"]
[White "chess123456s"]
[Black "Batica1984"]
[Result "1/2-1/2"]
[WhiteElo "2586"]
[BlackElo "2776"]
[TimeControl "180+1"]
[EndTime "9:59:39 PST"]
[Termination "Game drawn by repetition"]

1. e4 c5 2. Nf3 e6 3. g3 d5 4. exd5 exd5 5. d4 cxd4 6. Nxd4 Nc6 7. Bg2 Bc5 8. Nb3 Qe7+ 9. Qe2 Bb6 10. Nc3 d4 11.
Nd5 Qxe2+ 12. Kxe2 Nge7 13. Nxb6 axb6 14. a3 Bf5 15. Kd2 Rc8 16. Re1 O-O 17. Kd1 Rfd8 18. Bg5 f6 19. Bf4 Ng6 20. Bd2 Nce5 21. Be4 Bg4+ 22.
Kc1 Rc7 23. Kb1 Nf3 24. Bxf3 Bxf3 25. c3 dxc3 26. Bxc3 Bd5 27. Nd4 Ne5 28. Nf5 Nd3 29. Ne7+ Kf7 30. Nxd5 Rxd5 31. Rd1 Rcd7 32. Rd2 Nc5 33.
Rxd5 Rxd5 34. Kc2 Ne4 35. f3 Ng5 36. Rf1 h5 37. h4 Ne6 38. Rd1 Rxd1 39. Kxd1 g5 40.
hxg5 fxg5 41. Ke2 Kg6 42. Ke3 Kf5 43. Be1 g4 44. f4 b5 45. b3 h4 46. gxh4 Nxf4 47.
Bg3 Nh5 48. Bc7 Nf6 49. Kf2 Nd5 50. Bd6 Ke4 51. a4 bxa4 52. bxa4 Nc3 53. a5 Kf5 54. Kg2 Ne4 55. Bc7 Kg6 56. Kf1 Kh5 57. Bd8 Ng3+ 58.
Kg2 Nf5 59. Kf2 Nxh4 60. Kg3 Ng6 61. Bf6 Nf8 62. Be7 Ne6 63. Bf6 Nc5 64. Bd4 Nb3 65. Bb6 Nd2 66. Kf4 Nc4 67. Bc7 Nb2 68. Kg3 Nd3 69. Bb8 Kg5 70. Bc7 Kf5 71. Bb8 Nc5 72. Bc7 Ne4+ 73. Kg2 Ke6 74. Bb8 Kd5 75. Bc7 Kc6 76.
Bb8 Kb5 77. Bc7 Ka6 78. Bd8 Kb5 79. Bc7 Kc6 80. Bd8 Kd7 81. Bb6 Ke6 82. Bc7 Kd5 83.
Bb8 Kc6 84. Be5 Kb5 85. Bc7 1/2-1/2

[Event "Early-Titled-Tuesday-Blitz-March-05-2024"]
[Site "Chess.com"]
[Date "2024.03.05"]
[Round "10"]
[White "Hope_6"]
[Black "WindWhistler11"]
[Result "0-1"]
[WhiteElo "2782"]
[BlackElo "2551"]
[TimeControl "180+1"]
[EndTime "9:59:42 PST"]
[Termination "WindWhistler11 won on time"]

1. e4 e6 2. d4 d5 3. e5 c5 4. c3 Nc6 5. Nf3 Bd7 6. Be2 Nge7 7. O-O cxd4 8. cxd4 Nf5 9. Na3 Be7 10. Nc2 Rc8 11. a3 h5 12. b4 Qb6 13. Bb2 Na5 14. Nd2 Nc4 15. Nxc4 dxc4 16. Bc3 Ba4 17. Rc1 Bg5 18. f4 Ne3 19. Qd2 Nxf1 20. Rxf1 Bxc2 21. Qxc2 Be7 22. f5 Kd8 23. Bf3 Kc7 24. Kh1 Kb8 25. fxe6 fxe6 26. Qg6 Rcf8 27. Rb1 Qa6 28. Qe4 g5 29. g3 Rxf3 30.
Qxf3 Qxa3 31. Qe3 Rf8 32. Ra1 Qb3 33. d5 a6 34. d6 Bd8 35. b5 Qxb5 36. Bd4 Qd5+ 37.
Kg1 Rf3 38. Ba7+ Ka8 39. Qc5 Qxc5+ 40. Bxc5 b6 41. Bf2 Kb7 42. h3 Rd3 43. g4 Rxh3 44.
gxh5 Rxh5 45. Rf1 Rh3 46. Bd4 Rd3 47. Rf7+ Kc6 48. Bf2 b5 49. Rf8 Bb6 50. Bxb6 Kxb6 51. Rc8 b4 52. Rxc4 a5 53. Kf2 Kb5 54. Rc7 b3 55.
Ke2 Rd5 56. d7 Rxe5+ 57. Kd3 Rd5+ 58. Kc3 a4 59. Kb2 g4 60. Ka3 Kb6 61. Rc4 Rxd7 62. Rxg4 Rd2 63. Rxa4 b2 64. Ka2 Kc5 65. Ra8 e5 66.
Rc8+ Kb4 67. Kb1 e4 68. Re8 Re2 69. Rc8 Kb3 70. Rb8+ Kc3 71. Rd8 Re1+ 0-1

[Event "Early-Titled-Tuesday-Blitz-March-05-2024"]
[Site "Chess.com"]
[Date "2024.03.05"]
[Round "10"]
[White "Quattroporte300"]
[Black "Caroexpert"]
[Result "1-0"]
[WhiteElo "2459"]
[BlackElo "2579"]
[TimeControl "180+1"]
[EndTime "9:59:44 PST"]
[Termination "Quattroporte300 won by checkmate"]

1. e4 c6 2. d4 d5 3. exd5 cxd5 4. Bd3 Nc6 5. c3 e6 6. Bf4 Bd6 7. Ne2 Nge7 8. O-O O-O 9. Nd2 f6 10. Bxd6 Qxd6 11. Re1 e5 12. dxe5 fxe5 13. Ng3 Qc5 14. Qe2 e4 15. Bc2 Ne5 16. Nb3 Qb6 17. Qe3 Qxe3 18. Rxe3 Nc4 19. Re2 Nc6 20. h3 b6 21.
Rd1 Be6 22. Bb1 Bf7 23. Nd4 N6e5 24. b3 Nd6 25. Red2 g6 26. Re1 Rae8 27. Kh2 h5 28. Nf1 Nc8 29. Nb5 Re7 30. Ne3 a6 31. Na3 Rd7 32.
Red1 Rfd8 33. Nac2 b5 34. Nb4 Nb6 35. Nxa6 Kg7 36.
Nc5 Rc7 37. Nxe4 Rdc8 38. Nd6 Rxc3 39. Nxc8 Rxc8 40. Rc2 Rd8 41. Rc5 Kf6 42. Rxb5 Rd6 43. f4 Ned7 44. Be4 d4 45. Nc4 Nxc4 46. bxc4 Bxc4 47. Rb4 Bxa2 48. Rbxd4 Rxd4 49. Rxd4 Nc5 50. Bc2 Be6 51. Kg3 Nd7 52. Rb4 Nf8 53. Kf2 h4 54.
Rb6 Kf7 55. Bd3 Nd7 56. Rd6 Nc5 57. Bc2 Kf6 58. Rc6 Nd7 59. Bb3 Nf8 60. Kf3 Kf5 61.
Bxe6+ Nxe6 62. Ra6 Nd4+ 63. Ke3 Ne6 64. Ra5+ Kf6 65. Ke4 Ng7 66. Ra6+ Kf7 67. Ke5 Nh5 68. Ra7+ Kg8 69. Rb7 Kf8 70. f5 g5 71. f6 Nf4 72.
Kf5 Nxg2 73. Kxg5 Ne3 74. Kg6 Nd5 75. Rb8# 1-0

[Event "Early-Titled-Tuesday-Blitz-March-05-2024"]
[Site "Chess.com"]
[Date "2024.03.05"]
[Round "10"]
[White "ContrVersia"]
[Black "FairChess_on_YouTube"]
[Result "0-1"]
[WhiteElo "2862"]
[BlackElo "3094"]
[TimeControl "180+1"]
[EndTime "9:59:51 PST"]
[Termination "FairChess_on_YouTube won on time"]

1. d4 Nf6 2. c4 c5 3. d5 b5 4. cxb5 a6 5. e3 g6 6. Nc3 Bg7 7. a4 O-O 8. Nf3 d6 9. e4 Ne8 10. Ra3 axb5 11. Bxb5 Nc7 12. Be2 Ba6 13. O-O Nd7 14. Bd2 Qb8 15. Bxa6 Rxa6 16. Qc2 Qa8 17. Rb1 Rb8 18. b3 Rab6 19. Nd1 Nb5 20. Ra2 Nd4 21.
Nxd4 Bxd4 22. Ne3 Ne5 23. Nc4 Nxc4 24. Qxc4 Qb7 25. b4 Qd7 26. a5 Rb5 27. a6 Qa7 28.
Be1 cxb4 29. Rxb4 Rxb4 30. Bxb4 Bc5 31. Be1 Rb1 32. Kf1 Bb4 33. Re2 Qb6 34. Qd3 Ra1 35. g3 Qa5 36. Qe3 Qxa6 37. Kg2 Ra3 38. Bxb4 Rxe3 39.
Rxe3 Qc4 40. Be1 f5 41. f3 Qc2+ 42. Bf2 Kf7 43. g4 h5 44. gxh5 gxh5 45. h4 Kf6 46. Kf1 Qd1+ 47. Kg2 fxe4 48. fxe4 Ke5 49. Bg3+ Kd4 50.
Bf2 Ke5 51. Bg3+ Kd4 52. Bf2 Kc4 53. Kg3 Qg4+ 54. Kh2 Qf4+ 55. Kg2 Qg4+ 56. Kh2 Kb5 57. Kh1 Qf4 58. Kg2 Ka6 59. Kf1 Kb7 60. Kg2 Kc8 61. Kf1 Qh2 62. Ke1 Qh1+ 63. Ke2 Kd7 64. Bg3 Qg2+ 65. Bf2 Ke8 66. Ke1 Kd7 67. Ke2 e6 68.
dxe6+ Kxe6 69. Ke1 Ke5 70. Ke2 Kf4 71. Ke1 Kg4 72.
Ke2 Kf4 73. Ke1 Qh1+ 74. Ke2 Qb1 75. Bg3+ Kg4 76. Bf2 Qc2+ 77. Kf1 Kf4 78. Kg2 Qd1 79. Re1 Qf3+ 80. Kg1 Qg4+ 81. Kf1 Qh3+ 82. Kg1 Qd3 83. Kg2 Qb3 84. Kg1 Kf3 85. Kf1 Qc4+ 86. Kg1 Qg8+ 0-1

[Event "Early-Titled-Tuesday-Blitz-March-05-2024"]
[Site "Chess.com"]
[Date "2024.03.05"]
[Round "10"]
[White "M1711"]
[Black "Mesa_1"]
[Result "1-0"]
[WhiteElo "2584"]
[BlackElo "2491"]
[TimeControl "180+1"]
[EndTime "9:59:54 PST"]
[Termination "M1711 won on time"]

1. e4 c5 2. Nf3 e6 3. d4 cxd4 4. Bg5 Qa5+ 5. c3 dxc3 6. Nxc3 h6 7. Bd2 Qd8 8. Rc1 d6 9. Bb5+ Nc6 10. O-O Bd7 11. Re1 Nf6 12. Nd5 exd5 13. exd5+ Ne7 14. Nd4 Nxd5 15. Qf3 Nf6 16. Bf4 Qb6 17. Bxd7+ Kxd7 18. Bxd6 Kxd6 19. Red1 Ned5 20. Nf5+ Ke6 21. Re1+ Kd7 22.
Rcd1 Bd6 23. Rxd5 Rhe8 24. Rdd1 Rxe1+ 25. Rxe1 Re8 26. Rd1 Re6 27. Nxg7 Qxb2 28. Nxe6 fxe6 29. g3 Ke7 30. Qd3 Qb4 31. Rb1 Qc5 32. Rxb7+ Kd8 33. Qf3 Be7 34. Rb1 Nd5 35. Kg2 Kd7 36. Rb7+ Kd8 37.
Rb1 Qc6 38. Rd1 Ke8 39. Rd3 Bf6 40. h4 Ke7 41. Rb3 Qc7 42. Rd3 Qd7 43. Rd1 Qd6 44.
Re1 Qc6 45. Re2 Kf7 46. Qe4 Kg7 47. Kh2 e5 48. Qg4+ Kf7 49. Qe4 Ne7 50. Qh7+ Ke6 51. Qd3 Nf5 52. Qb3+ Ke7 53. Qa3+ Ke6 54. Qxa7 Qf3 55.
Qa6+ Kf7 56. Qc4+ Kg6 57. Qe4 Qxe4 58. Rxe4 Nd4 59. a4 Kf5 60. Re3 e4 61. Ra3 Be7 62.
Ra2 Bc5 63. a5 Ba7 64. a6 Kg4 65. Kg2 Nf3 66. Rb2 Ne1+ 67. Kf1 Nd3 68. Rb7 Bxf2 69.
Kg2 Be3 70. Rg7+ Kf5 71. a7 Bxa7 72. Rxa7 e3 73. Re7 Ne5 74. Kf1 Ke4 75. Ke2 h5 76.
Re8 Kd4 77. Rd8+ Ke4 78. Rh8 Nf3 79. Rxh5 Nd4+ 80. Ke1 Kf3 81. Rh8 1-0

[Event "Early-Titled-Tuesday-Blitz-March-05-2024"]
[Site "Chess.com"]
[Date "2024.03.05"]
[Round "10"]
[White "Eagle_2019"]
[Black "Yan_Dyomin2010"]
[Result "1/2-1/2"]
[WhiteElo "2862"]
[BlackElo "2713"]
[TimeControl "180+1"]
[EndTime "10:00:01 PST"]
[Termination "Game drawn - insufficient material"]

1. d4 Nf6 2. Bg5 d5 3. Nd2 e6 4. e3 Be7 5. Bd3 O-O 6. f4 b6 7. Ngf3 Bb7 8. O-O c5 9. c3 Ba6 10. Bxa6 Nxa6 11. Ne5 Nb8 12. Qf3 Nfd7 13. Bxe7 Qxe7 14.
c4 cxd4 15. exd4 Nxe5 16. fxe5 Nc6 17. Qe3 Rad8 18. Rac1 dxc4 19. Rxc4 Nb4 20. Ne4 Nd5 21. Qg3 f5 22. exf6 Nxf6 23. Qh4 b5 24. Rc3 Rxd4 25.
Nxf6+ Qxf6 26. Rxf6 Rxh4 27. Rxe6 Rd4 28. Re1 Rd2 29. h3 Rxb2 30. Re7 Rbf2 31. Rxa7 R2f7 32. Ra5 Rb7 33. Rb3 b4 34. Ra4 Rfb8 35. Kh2 h5 36. Ra5 g6 37. Rg3 Kh7 38. Ra6 Rg7 39.
Ra4 Rb5 40. Ra6 h4 41. Rg4 g5 42. Ra4 Rgb7 43. Rc4 b3 44. axb3 Rxb3 45. Rc5 R3b5 46. Rc6 Rf5 47. Raa6 Rbf7 48. Rh6+ Kg7 49. Rag6+ Kf8 50.
Rh8+ Ke7 51. Rhg8 Rf1 52. Rxg5 R1f4 53. Rg4 Rxg4 54. Rxg4 Rh7 55. Rf4 Ke6 56. Kg1 Ke5 57.
Rg4 Kf5 58. Kf2 Rh6 59. Kf3 Rh7 60. Ke3 Rh6 61. Kf2 Rh7 62. Kf3 Rh6 63. Rf4+ Kg5 64. Ra4 Rf6+ 65. Ke3 Re6+ 66. Re4 Rf6 67. Re5+ Kg6 68.
Re4 Kg5 69. Re8 Rf1 70. Rg8+ Kh5 71. Ke4 Re1+ 72. Kf5 Rf1+ 73. Ke6 Rf2 74. Rg4 Rf1 75. Ke5 Rf2 76. Ke4 Rf1 77. Rf4 Re1+ 78. Kf5 Re8 79.
Rf3 Rf8+ 80. Ke6 Re8+ 81. Kf7 Re2 82. Rf5+ Kh6 83. Rf4 Rxg2 84. Rxh4+ Kg5 85. Rh7 Rh2 86. Kg7 Kf4 87. Kf6 Kg3 88. Kg5 Rxh3 89. Rxh3+ Kxh3 1/2-1/2

[Event "Early-Titled-Tuesday-Blitz-March-05-2024"]
[Site "Chess.com"]
[Date "2024.03.05"]
[Round "10"]
[White "FuenfgegenWilly"]
[Black "Pingah9"]
[Result "1/2-1/2"]
[WhiteElo "2459"]
[BlackElo "2589"]
[TimeControl "180+1"]
[EndTime "10:00:16 PST"]
[Termination "Game drawn by stalemate"]

1. e4 g6 2. Nc3 Bg7 3. f4 c5 4.
Nf3 Nc6 5. Bb5 Nd4 6. O-O Nxb5 7. Nxb5 a6 8. Nc3 d6 9. d3 e6 10. Qe1 Ne7 11. Qh4 Nc6 12. Qh3 Nd4 13. Nxd4 cxd4 14. Ne2 Qc7 15. c3 dxc3 16. bxc3 b5 17. d4 O-O 18.
Qd3 Bb7 19. Bd2 Qc6 20. Rf2 Qxe4 21. Qxe4 Bxe4 22. Ng3 Bd5 23. a4 h5 24. Nf1 bxa4 25. Rxa4 Rfc8 26. Ne3 Bc6 27. Ra5 Bb5 28. Be1 d5 29. h3 Bf8 30. g4 hxg4 31. hxg4 Bd6 32. Kg2 Kg7 33. f5 exf5 34. gxf5 Rh8 35. Ng4 gxf5 36.
Rxf5 Bc7 37. Ra2 Bd3 38. Rg5+ Kf8 39. Nf6 Rh2+ 40. Kf3 Rxa2 41. Rg8+ Ke7 42. Nxd5+ Kd6 43. Rxa8 Kxd5 44. Ra7 Be4+ 45. Ke3 Ra1 46. c4+ Ke6 47. Bc3 Ra3 48. Rxc7 Rxc3+ 49. Kxe4 f5+ 50. Kf4 a5 51. d5+ Kf6 52. Rc6+ Ke7 53. Kxf5 a4 54. Ke5 a3 55. Kd4 a2 56. Ra6 Rc2 57. Kc5 Kd7 58.
Ra7+ Kc8 59. Ra4 Kb7 60. d6 Kc8 61. Ra8+ Kb7 62. d7 Rd2 63. Rxa2 Rxd7 64. Kb5 Rd6 65.
c5 Rh6 66. Rg2 Kc7 67. Rg7+ Kc8 68. Ra7 Rg6 69. Ra4 Rh6 70. Re4 Rg6 71. Kc4 Rh6 72.
Kd5 Rg6 73. Re8+ Kc7 74. Re7+ Kc8 75. Kc4 Rh6 76. Rg7 Rf6 77. Rh7 Rg6 78. Kb5 Rf6 79. Rh5 Rg6 80. c6 Rg1 81. Kb6 Rb1+ 82. Rb5 Rxb5+ 83. Kxb5 Kc7 84. Kc5 Kc8 85. Kd6 Kd8 86. Kd5 Kc7 87. Kc5 Kc8 88. Kc4 Kc7 89.
Kb5 Kc8 90. Ka6 Kc7 91. Kb5 Kc8 92. Kb6 Kb8 93. Kc5 Kc7 94. Kd5 Kc8 95. Ke6 Kc7 96. Kd5 Kc8 97. Kd6 Kd8 98. c7+ Kc8 99. Kc6 1/2-1/2

[Event "Early-Titled-Tuesday-Blitz-March-05-2024"]
[Site "Chess.com"]
[Date "2024.03.05"]
[Round "10"]
[White "AldokhinIvan"]
[Black "ChessBrainiacOnTwitch"]
[Result "1-0"]
[WhiteElo "2674"]
[BlackElo "2804"]
[TimeControl "180+1"]
[EndTime "10:00:18 PST"]
[Termination "AldokhinIvan won by checkmate"]

1. e4 c5 2. Nf3 e6 3. d4 cxd4 4. Nxd4 Nc6 5. Nc3 Nf6 6. a3 Be7 7. Nxc6 bxc6 8. e5 Nd5 9. Ne4 Qc7 10. f4 O-O 11. c4 Nb6 12. Bd3 Ba6 13. c5 Nc4 14. Qe2 Nxe5 15. Bxa6 Ng6 16. O-O f5 17. Nd6 Bxd6 18. cxd6 Qxd6 19. Be3 Qc7 20. Rad1 d6 21. Bc4 Rfe8 22. Qd3 d5 23. Ba2 c5 24. Rc1 c4 25.
Qd4 Qe7 26. Bd2 Rab8 27. Bc3 Qf7 28. Rce1 Nf8 29. Bb1 Nd7 30. Rf3 Nf6 31. Rg3 Nh5 32. Rg5 Nf6 33. Qxf6 Qxf6 34. Bxf6 g6 35. Bd4 a5 36.
Rg3 Kf7 37. Rge3 a4 38. Bc2 Ra8 39. Bd1 Ra6 40. Bf3 Rd8 41. h4 h5 42. Bd1 Rd7 43. Kf2 Rb7 44. Ke2 Rd7 45. Kd2 Rb7 46. Re5 Rd7 47.
Ke3 Rb7 48. Bc3 Rd7 49. Kd4 Rc7 50.
Be2 Rb7 51. Bf3 Rd7 52. g3 Rb6 53. Bb4 Rb5 54. Bc3 Rb6 55. Rd1 Rc6 56. Ke3 Rb6 57.
Bxd5 exd5 58. Rexd5 Re7+ 59. Kf3 Rbe6 60. Be5 Rb6 61.
Rd6 Rb3+ 62. Kf2 Reb7 63. R1d2 Ke7 64. Bc3 Kf7 65. R6d5 R3b6 66. Rd6 Rb5 67. Rf6+ Ke7 68. Rdd6 Ke8 69. Rde6+ Kd7 70. Rxg6 Rd5 71. Re5 Rd1 72.
Rg7+ Kc6 73. Re6+ Kd5 74. Re5+ Kc6 75. Rxb7 Kxb7 76. Rxf5 Kc6 77. Rxh5 Rh1 78. Kf3 Kd6 79. Re5 Rf1+ 80. Kg4 Rb1 81. h5 Rh1 82. Kg5 Rg1 83. g4 Rh1 84. h6 Rh2 85. Kg6 Kd7 86. g5 Rh3 87. h7 Kd6 88. Rf5 Ke6 89. h8=Q Rxh8 90. Bxh8 Kd6 91. Bc3 Kd7 92. Re5 Kd6 93. Kf6 Kc6 94. g6 Kd6 95. g7 Kd7 96. g8=Q Kc6 97. Qd5+ Kc7 98. Re7+ Kc8 99. Qb7+ Kd8 100. Qc7# 1-0

[Event "Early-Titled-Tuesday-Blitz-March-05-2024"]
[Site "Chess.com"]
[Date "2024.03.05"]
[Round "10"]
[White "Preobrazhenska_D2011"]
[Black "ZCorrales"]
[Result "1-0"]
[WhiteElo "2436"]
[BlackElo "2234"]
[TimeControl "180+1"]
[EndTime "10:00:23 PST"]
[Termination "Preobrazhenska_D2011 won on time"]

1. e4 c5 2. Nf3 d6 3. d4 cxd4 4. Nxd4 Nf6 5. Nc3 Nc6 6. f3 e6 7. Be3 Be7 8. Qd2 O-O 9. O-O-O a6 10. g4 Nxd4 11. Qxd4 b5 12. h4 Bb7 13. Kb1 Nd7 14. g5 Ne5 15. Be2 Rc8 16. Rdg1 Nc4 17. Bxc4 Rxc4 18. Qd3 Qc7 19. h5 Rc8 20. g6 fxg6 21.
hxg6 h6 22. Ne2 Rxc2 23. Nd4 Qc4 24. Qxc4 R2xc4 25. Nxe6 Bxe4+ 26. fxe4 Rxe4 27. Nxg7 Kxg7 28. Bxh6+ Kg8 29. g7 Bf6 30. Rg6 Be5 31. Bd2 Bxg7 32. Rhg1 Rc7 33. Bc3 Ree7 34. Rxd6 Kh7 35. Rh1+ Kg8 36.
Rd8+ Kf7 37. Rf1+ Kg6 38. Rg1+ Kf5 39. Bxg7 Rxg7 40. Rf1+ Kg6 41. Rd6+ Kh7 42. Rxa6 Rg2 43. Rb6 Rg5 44. Re1 Kg7 45. a3 Rgc5 46. Ka2 Kf7 47. Re3 Rd5 48. Rb3 Rcc5 49. Rb7+ Ke6 50. Re3+ Kd6 51. Ree7 Kc6 52. Rec7+ Kd6 53. Rh7 Kc6 54. Rb8 Rc4 55. Rh6+ Kc5 56. Rc8+ Kd4 57. Rh4+ Kd3 58. Rh3+ Kd4 59. Rf8 Kc5 60. Rh7 Kd4 61. Rb7 Kc5 62. Rfb8 Rc2 63. Rxb5+ Kd4 64. Rxd5+ Kxd5 65. Kb3 Rc6 66.
Rb5+ Kd6 67. a4 Ra6 68. Ka3 Kc6 69. Rb8 Ra7 70. b4 Rg7 71. a5 Rg1 72. Kb3 Rg3+ 73. Kc4 Rg4+ 74. Kb3 Rg3+ 75. Ka4 Rg1 76. Rc8+ Kb7 77.
Rc5 Ka6 78. Rc6+ Ka7 79. Kb5 Rg5+ 80. Rc5 Rg6 81. Rd5 Kb7 82. Rd7+ Kb8 83. a6 Rg5+ 84.
Ka4 Rg1 85. b5 Ra1+ 86. Kb4 Rc1 87. Ka5 Rh1 88. Rf7 Rh6 89. a7+ Ka8 90. Re7 Ra6+ 91. Kb4 Rxa7 92. Re8+ Kb7 93. Kc5 1-0

[Event "Early-Titled-Tuesday-Blitz-March-05-2024"]
[Site "Chess.com"]
[Date "2024.03.05"]
[Round "10"]
[White "LiamPutnam2008"]
[Black "Abund"]
[Result "0-1"]
[WhiteElo "2889"]
[BlackElo "2783"]
[TimeControl "180+1"]
[EndTime "10:00:25 PST"]
[Termination "Abund won by checkmate"]

1. e4 c6 2. d4 d5 3. exd5 cxd5 4. Bd3 Nc6 5. c3 Nf6 6. h3 e5 7. dxe5 Nxe5 8. Nf3 Nxd3+ 9. Qxd3 Bd6 10. O-O O-O 11. Bg5 h6 12. Bh4 g5 13. Bg3 Bxg3 14.
fxg3 g4 15. hxg4 Nxg4 16. Nbd2 Qd6 17. Nd4 Qg6 18. Qxg6+ fxg6 19. Rxf8+ Kxf8 20. Rf1+ Ke7 21. N2f3 Bd7 22. Nh4 Rg8 23. Re1+ Kd6 24. a4 Ne5 25. a5 Nc4 26. b4 Ne5 27. Nhf3 Ng4 28. a6 b6 29. Nh2 Ne5 30. Nhf3 Ng4 31. Rd1 Rc8 32.
Rd3 Re8 33. Kf1 Ne3+ 34. Kf2 Ng4+ 35. Kg1 Kc7 36. Rd1 Re3 37. Rc1 Kd6 38. Nd2 Rd3 39.
N2f3 Re3 40. Rc2 Re8 41. Rd2 Rc8 42. Rc2 Ke7 43. Rc1 Kd6 44. Kf1 Rc7 45. Ke2 Rc8 46.
Kd2 Re8 47. c4 dxc4 48. Rxc4 Ne3 49. Rc3 Nd5 50. Rb3 Nc7 51. Rd3 Nd5 52. Nc2 Bb5 53. Rd4 Bxa6 54. Ng1 Bb5 55. Kd1 Ba4 56. Kd2 Bxc2 57.
Kxc2 Kc6 58. Nf3 a6 59. Rd2 Nxb4+ 60. Kb3 Nd5 61. Nd4+ Kc5 62. Nf3 Re3+ 63. Kb2 Nb4 64. Nd4 Nd3+ 65. Kc3 Ne5+ 66. Kc2 Nc4 67. Rd1 b5 68. Nb3+ Kb4 69. Nd4 Rc3+ 70. Kb1 Na3+ 71. Kb2 Nc4+ 72. Kb1 Rxg3 73. Nc2+ Kb3 74. Nd4+ Kb4 75.
Nc2+ Ka4 76. Rg1 Na3+ 77. Nxa3 Kxa3 78. Kc2 Kb4 79. Kd2 Kc5 80. Ke2 Kb6 81. Kf2 Rg5 82. Rh1 h5 83. Re1 b4 84. Re6+ Kb5 85. Kf3 a5 86.
Re8 Rg4 87. Rb8+ Ka4 88. Kf2 Ka3 89. Ra8 a4 90. Ke2 b3 91. Kd3 Ka2 92. Kc3 a3 93. Rb8 Rg3+ 94. Kd2 Rxg2+ 95. Kc3 Rg4 96. Kd3 b2 97.
Kc2 Rg2+ 98. Kc3 b1=Q 99. Rxb1 Kxb1 100. Kd4 a2 101. Kd5 Rg4 102. Ke6 a1=Q 103. Kf7 Qe5 104. Kg8 g5 105. Kh7 Qf6 106. Kg8 Qe7 107. Kh8 Ra4 108. Kg8 g4 109. Kh8 h4 110. Kg8 g3 111. Kh8 Kc1 112. Kg8 Kd1 113. Kh8 Ke1 114. Kg8 Kf1 115. Kh8 Kg1 116. Kg8 Kh1 117. Kh8 Kh2 118. Kg8 Kg2 119. Kh8 Kf2 120. Kg8 Ke2 121. Kh8 Kd2 122. Kg8 Kc2 123. Kh8 Kb2 124. Kg8 Ka2 125. Kh8 h3 126. Kg8 Ka1 127. Kh8 Kb1 128. Kg8 Kc1 129. Kh8 Kd1 130. Kg8 Ke1 131. Kh8 Kf1 132. Kg8 Kf2 133. Kh8 Kf3 134. Kg8 Ke3 135. Kh8 Kd3 136. Kg8 g2 137. Kh8 h2 138. Kg8 Kc3 139. Kh8 Kb3 140. Kg8 Ka3 141. Kh8 Ra8# 0-1

[Event "Early-Titled-Tuesday-Blitz-March-05-2024"]
[Site "Chess.com"]
[Date "2024.03.05"]
[Round "10"]
[White "AndresDelgado77"]
[Black "ritanovikova"]
[Result "1/2-1/2"]
[WhiteElo "2288"]
[BlackElo "2188"]
[TimeControl "180+1"]
[EndTime "10:00:32 PST"]
[Termination "Game drawn by repetition"]

1. e4 d5 2. Nc3 dxe4 3. Nxe4 Bf5 4. Ng3 Bg6 5. h4 h6 6. Nf3 Nf6 7. Ne5 Bh7 8. Bc4 e6 9. Qe2 Bg8 10. O-O Nbd7 11. d4 Nxe5 12. dxe5 Nd5 13. Rd1 c6 14.
Bxd5 exd5 15. c4 Qxh4 16. cxd5 Bc5 17. dxc6 Qxg3 18. cxb7 Qxf2+ 19. Qxf2 Bxf2+ 20. Kxf2 Rb8 21. Be3 Rxb7 22. b3 Bh7 23. Rac1 O-O 24. Rd6 Re8 25. Bd4 Bf5 26. Rcc6 Re6 27. Ra6 Ree7 28. Rd8+ Kh7 29.
Ra8 Rbd7 30. R6xa7 Be4 31. Rxd7 Rxd7 32. Ra4 Bc6 33.
Rb4 Be4 34. g3 Rc7 35. Ke3 Bb1 36. a4 Kg6 37. Kf4 Rc1 38. Rb6+ Kh5 39. b4 Rf1+ 40. Ke3 Kg4 41. Ke2 Rf3 42. Bf2 Ra3 43. a5 Ra2+ 44.
Ke3 Ra3+ 45. Ke2 Ra2+ 46. Ke1 Kf3 47. Bd4 Re2+ 48. Kd1 Re4 49. Rd6 Bd3 50. Kd2 Bb5 51. Kc3 Re1 52. Rb6 Be2 53. a6 Ra1 54. b5 Ra3+ 55.
Kb4 Ra2 56. Rb7 Ke4 57. Bc3 Kd5 58. Rd7+ Ke6 59. Rd6+ Ke7 60. Rd2 Rxd2 61. Bxd2 Kd7 62. Kc5 Kc7 63. Ba5+ Kb8 64. Kb6 Ka8 65. Bb4 Bd3 66.
Bf8 g6 67. Bxh6 Be2 68. Be3 Bd3 69. Ka5 Be4 70. b6 Kb8 71. Bc5 Ka8 72. b7+ Bxb7 73.
axb7+ Kxb7 74. Kb4 Kc6 75. Bd6 Kd7 76. Kc5 Ke6 77. Kd4 f6 78. exf6 Kxd6 79. g4 g5 80. f7 Ke7 81. Ke5 Kxf7 82. Kf5 Kf8 83.
Kf6 Kg8 84. Kg6 Kf8 85. Kxg5 Kg7 86. Kf5 Kf7 87. Kg5 Kg7 88. Kh5 Kh7 89. g5 Kg7 90.
g6 Kg8 91. Kg5 Kg7 92. Kf5 Kg8 93. Ke6 Kg7 94. Kf5 Kg8 95. Kf6 Kf8 96. Kg5 Kg8 97. Kh5 Kg7 98. Kg5 Kg8 99. Kh6 Kh8 100. Kg5 Kg7 101. Kf5 1/2-1/2